 Dungeon Crawl Stone Soup version 0.24.0-13-gcf9b319 (webtiles) character file.

Game seed: 8404597209907369512, levelgen mode: deterministic

30197 Bronimir the Grappler (level 13, -11/118 HPs)
             Began as a Gnoll Transmuter on Mar 4, 2020.
             Was a High Priest of Makhleb.
             Mangled by an elephant (19 damage)
             ... on level 5 of the Lair of Beasts on Mar 5, 2020.
             The game lasted 01:22:21 (21527 turns).

Bronimir the Grappler (Gnoll Transmuter)           Turns: 21527, Time: 01:22:22

Health: -11/118    AC:  7    Str: 17    XL:     13   Next: 50%
Magic:  27/35      EV: 16    Int: 16    God:    Makhleb [*****.]
Gold:   577        SH:  4    Dex: 18    Spells: 0/31 levels left

rFire    x . .     SeeInvis .     - Unarmed
rCold    + + +     Gourm    .   (shield currently unavailable)
rNeg     . . .     Faith    .   (armour currently unavailable)
rPois    +         Spirit   .   (helmet currently unavailable)
rElec    .         Reflect  +   (cloak currently unavailable)
rCorr    .         Harm     .   (gloves currently unavailable)
MR       .....                  (boots currently unavailable)
Stlth    +++++.....             N - +4 amulet of reflection
HPRegen  0.29/turn              w - ring of magical power
MPRegen  0.24/turn              v - ring of stealth

@: ice-form
A: large, distributed training, agile 1, deterioration 1, wild magic 1, strong
nose
a: End Transformation, Minor Destruction, Lesser Servant of Makhleb, Major
Destruction, Greater Servant of Makhleb, Renounce Religion


You were on level 5 of the Lair of Beasts.
You worshipped Makhleb.
Makhleb was extremely pleased with you.
You were not hungry.
You were a creature of crystalline ice.
You visited 3 branches of the dungeon, and saw 17 of its levels.
You also visited: Ice Cave.

You collected 983 gold pieces.
You spent 406 gold pieces at shops.

Inventory:

Hand Weapons
 b - a +2 arbalest of freezing
 K - a +0 battleaxe
 L - a +0 shortbow
 Q - a +1 hand axe of flaming
 S - a +2 triple sword of holy wrath
Missiles
 i - 166 sling bullets
 l - 72 bolts
 o - 180 arrows
 y - 24 poisoned darts (quivered)
Armour
 e - a +1 large shield of protection
 g - a +0 buckler (melded)
 p - a +0 pair of gloves (melded)
 B - a +0 cloak (melded)
 F - a +3 leather armour (melded)
Magical Staves
 u - an uncursed staff of earth
Jewellery
 f - an uncursed amulet of the acrobat
 k - an uncursed amulet of guardian spirit
 v - a ring of stealth (right front paw)
 w - a ring of magical power (left front paw)
 N - a +4 amulet of reflection (around neck)
Wands
 c - a wand of iceblast (18)
 q - a wand of flame (11)
 t - a wand of polymorph (6)
 I - a wand of digging (6)
 U - a wand of disintegration (10)
Scrolls
 a - 2 scrolls of remove curse
 j - 7 scrolls of identify
 s - 3 scrolls of enchant armour
 D - 3 scrolls of teleportation
 J - a scroll of vulnerability {unknown}
 O - 2 scrolls of fog
Potions
 n - 2 potions of lignification
 x - 2 potions of haste
 z - a potion of berserk rage {unknown}
 A - 3 potions of might
 R - 3 potions of curing
Miscellaneous
 r - a crystal ball of energy
 E - a box of beasts
 G - a fan of gales
 M - a fan of gales
Comestibles
 d - 27 rations
 h - 11 chunks of flesh


   Skills:
 + Level 8.6 Fighting
 + Level 8.2 Short Blades
 + Level 8.2 Long Blades
 + Level 8.2 Axes
 + Level 8.2 Maces & Flails
 + Level 8.2 Polearms
 + Level 8.2 Staves
 + Level 8.2 Slings
 + Level 8.2 Bows
 + Level 8.2 Crossbows
 + Level 8.2 Throwing
 + Level 8.2 Armour
 + Level 9.4 Dodging
 + Level 8.2 Stealth
 + Level 8.2 Shields
 + Level 10.4 Unarmed Combat
 + Level 9.6 Spellcasting
 + Level 6.8 Conjurations
 + Level 6.8 Hexes
 + Level 6.8 Charms
 + Level 6.8 Summonings
 + Level 6.8 Necromancy
 + Level 6.8 Translocations
 + Level 7.9 Transmutations
 + Level 6.8 Fire Magic
 + Level 6.8 Ice Magic
 + Level 6.8 Air Magic
 + Level 6.8 Earth Magic
 + Level 6.8 Poison Magic
 + Level 9.0 Invocations
 + Level 8.2 Evocations


You couldn't memorise any spells.
You knew the following spells:

 Your Spells              Type           Power        Failure   Level  Hunger
a - Beastly Appendage     Tmut           #####.       1%          1    None
b - Sticks to Snakes      Tmut           #####...     1%          2    None
c - Spider Form           Tmut/Pois      #####.....   2%          3    None
d - Mephitic Cloud        Conj/Pois/Air  #####...     3%          3    None
e - Blade Hands           Tmut           #####.....   14%         5    #####..
f - Blink                 Tloc           N/A          1%          2    None
g - Slow                  Hex            #####...     1%          2    None
h - Conjure Flame         Conj/Fire      #####...     3%          3    None
i - Ice Form              Ice/Tmut       #####...     8%          4    ###....
j - Airstrike             Air            #####.....   9%          4    ###....
k - Swiftness             Chrm/Air       #####...     1%          2    None

Your spell library contained the following spells:

 Spells                   Type           Power        Failure   Level  Hunger
 Flame Tongue             Conj/Fire      #####        1%          1    None
 Magic Dart               Conj           ####         1%          1    None
 Shock                    Conj/Air       ####         1%          1    None
 Call Imp                 Summ           #####...     1%          2    None
 Throw Flame              Conj/Fire      #####.       1%          2    None
 Inner Flame              Hex/Fire       #####...     3%          3    None
 Static Discharge         Conj/Air       #####...     3%          3    None
 Sticky Flame             Conj/Fire      #####...     9%          4    ###....
 Fireball                 Conj/Fire      #####.....   22%         5    #####..
 Lightning Bolt           Conj/Air       #####.....   22%         5    #####..


Dungeon Overview and Level Annotations

Branches:
Dungeon (11/15)            Temple (1/1) D:5            Lair (5/6) D:10
 Shoals (0/4) Lair:4       Spider (0/4) Lair:3        Slime (0/5) Lair:5
  IceCv (visited)
    Orc: D:9-12

Altars:
Ashenzari
Cheibriados
Dithmenos
Elyvilon
Fedhas
Gozag
Hepliaklqana
Kikubaaqudgha
Makhleb
Nemelex Xobeh
Okawaru
Qazlal
Ru
Sif Muna
Trog
Uskayaw
Vehumet
Wu Jian
Xom
Yredelemnul
Zin
The Shining One
Jiyva

Shops:
D:7 (   D:10 !

Annotations:
D:5 2 transporters, Clownsaurus's ghost, novice MiFi
D:8 3 runed translucent doors, Smarticus's ghost, novice HOFi; korthal's ghost, novice OpTm; oldmanjim's ghost, journeyman MfFi
D:11 Erica
Lair:2 1 runed translucent door
Lair:5 3 runed translucent doors, Hairutzoic's ghost, journeyman MiBe


Innate Abilities, Weirdness & Mutations

Your experience applies equally to all skills.
((You have very sharp teeth.))
Your uncanny sense of smell can sniff out nearby items.
((You have a pair of small horns on your head.))
((You are partially covered in thin metallic scales. (AC +2)))
You are agile. (Dex +2)
Your body sometimes deteriorates upon taking damage.
Your spells are a little harder to cast, but a little more powerful.


Message History

The crocodile dies!
Makhleb accepts your kill. The elephant tramples you!
* * * LOW HITPOINT WARNING * * *
You stumble backwards!
You hit the elephant but do no damage. Your hellwing hits the elephant!
Your hellwing hits the elephant.
The elephant tramples your hellwing but does no damage.
The elephant trunk-slaps your hellwing but does no damage.
You pummel the elephant!! You freeze the elephant.
The elephant is heavily wounded.
The elephant tramples you.
* * * LOW HITPOINT WARNING * * *
You stumble backwards!
Your hellwing swoops through the air toward the elephant!
Your hellwing hits the elephant. x2
You punch the elephant! You freeze the elephant.
The elephant is severely wounded.
The elephant tramples you!!
You die...

**,*,*,,,,,*,,,,,...####...####.
*,,,*,,,,,,......##....##....#Y.
*,,***,,,*,*......#.....#.....P.
*,,* *,,,**##......PP...#.......
*,,****,** #......P....#......(.
*,,,,****###....PP#.........###+
**,,,*,*##.P.....##.........#SWt
*,,,,,,,..........#####.#...#W.F
*,,,,,,,......4Y...#P...#..)#.#.
**,,,,,,......YYY.....†.....#l.#
*,,,,,,........Y...........#S#.
**,,,,,.....................#..!
*,...,*P.##.P...............#...
*...*##...###......##...#...####
##..*#.#...P#..[..####..........
##..###.............##..P#....>.P
*...#..............<............P


You could see 4 elephants and a friendly hellwing.

Vanquished Creatures
  A hydra (D:8)
  2 two-headed ogres
  An unseen horror (D:10)
  Pikel (D:7)
  An ugly thing (Lair:3)
  A manticore (Lair:4)
  2 elephants (Lair:5)
  An ice statue (Lair:4)
  6 black mambas
  5 spiny frogs
  A rime drake (Lair:2)
  6 komodo dragons
  4 jumping spiders (Lair:3)
  5 polar bears
  11 blink frogs (Lair:4)
  2 dream sheep (D:8)
  Prince Ribbit (D:6)
  5 hippogriffs
  4 redbacks (Lair:3)
  23 yaks
  A vampire (D:10)
  A wyvern (Lair:2)
  4 basilisks
  Menkaure (D:6)
  A hungry ghost (D:9)
  9 water moccasins
  16 porcupines
  A sky beast (D:8)
  8 ice beasts
  A slave (D:7)
  3 orc warriors
  A phantom (D:8)
  9 ogres
  A necrophage (D:8)
  3 wolves (Lair:5)
  5 centaurs
  11 crocodiles
  4 big kobolds (D:8)
  Blork the orc (D:5)
  18 bullfrogs
  3 scorpions
  A water moccasin skeleton (D:10)
  2 electric eels (Lair:3)
  A bullfrog zombie (D:8)
  6 crimson imps
  A quasit (D:10)
  2 centaur zombies
  7 orc priests
  3 hounds
  4 centaur skeletons
  A jelly (D:10)
  Jessica (D:2)
  2 iguanas
  9 worker ants
  9 orc wizards
  A killer bee zombie (D:5)
  A hound skeleton (D:4)
  A mummy (D:5)
  3 gnolls (D:4)
  7 adders
  A shadow imp (D:8)
  3 white imps (Lair:4)
  An ooze (D:1)
  An adder zombie (D:5)
  3 adder skeletons
  2 worms
  5 dart slugs
  2 leopard geckos
  45 orcs
  A ball python (D:1)
  7 bats
  5 giant cockroaches
  11 goblins
  5 hobgoblins
  16 jackals
  5 quokkas
  5 frilled lizards
  14 kobolds
  A kobold zombie (D:5)
  A leopard gecko skeleton (D:4)
  3 orc zombies (D:5)
  15 rats
  A plant (Lair:1)
400 creatures vanquished.

Vanquished Creatures (collateral kills)
  An ugly thing (IceCv)
  A komodo dragon (Lair:5)
  A freezing wraith (Lair:4)
  A blink frog (Lair:4)
  A basilisk (D:9)
  A yak (D:9)
  5 ice beasts (IceCv)
  A wolf (Lair:5)
  A centaur (Lair:3)
  A crocodile (Lair:5)
  2 orcs
16 creatures vanquished.

Vanquished Creatures (others)
  A slave (D:7)
  A big kobold (D:7)
  A worker ant (D:7)
  4 kobolds (D:7)
  3 fungi (Lair:5)
  7 toadstools (Lair:2)
  4 withered plants (D:8)
21 creatures vanquished.

Grand Total: 437 creatures vanquished

Notes
Turn   | Place    | Note
-------+----------+-------------------------------------------
     0 | D:1      | Bronimir the Gnoll Transmuter began the quest for the Orb.
     0 | D:1      | Reached XP level 1. HP: 17/17 MP: 6/6
   411 | D:1      | Reached XP level 2. HP: 20/23 MP: 7/7
   728 | D:1      | Reached XP level 3. HP: 27/28 MP: 9/9
   732 | D:1      | Learned a level 2 spell: Sticks to Snakes
   737 | D:1      | Learned a level 3 spell: Spider Form
   757 | D:1      | Reached skill level 5 in Spellcasting
  1057 | D:1      | Reached skill level 1 in Invocations
  1136 | D:2      | Noticed Jessica
  1148 | D:2      | Killed Jessica
  1148 | D:2      | Reached skill level 1 in Short Blades
  1148 | D:2      | Reached skill level 1 in Long Blades
  1148 | D:2      | Reached skill level 1 in Axes
  1148 | D:2      | Reached skill level 1 in Maces & Flails
  1148 | D:2      | Reached skill level 1 in Polearms
  1148 | D:2      | Reached skill level 1 in Staves
  1148 | D:2      | Reached skill level 1 in Slings
  1148 | D:2      | Reached skill level 1 in Bows
  1148 | D:2      | Reached skill level 1 in Crossbows
  1148 | D:2      | Reached skill level 1 in Throwing
  1148 | D:2      | Reached skill level 1 in Armour
  1148 | D:2      | Reached skill level 1 in Stealth
  1148 | D:2      | Reached skill level 1 in Shields
  1148 | D:2      | Reached skill level 1 in Evocations
  1148 | D:2      | Reached XP level 4. HP: 16/34 MP: 3/11
  1368 | D:2      | Found a bloodstained altar of Trog.
  1626 | D:2      | Reached skill level 1 in Conjurations
  1626 | D:2      | Reached skill level 1 in Hexes
  1626 | D:2      | Reached skill level 1 in Charms
  1626 | D:2      | Reached skill level 1 in Summonings
  1626 | D:2      | Reached skill level 1 in Necromancy
  1626 | D:2      | Reached skill level 1 in Translocations
  1626 | D:2      | Reached skill level 1 in Fire Magic
  1626 | D:2      | Reached skill level 1 in Ice Magic
  1626 | D:2      | Reached skill level 1 in Air Magic
  1626 | D:2      | Reached skill level 1 in Earth Magic
  1626 | D:2      | Reached skill level 1 in Poison Magic
  1743 | D:2      | Reached XP level 5. HP: 31/40 MP: 12/12
  2200 | D:3      | Learned a level 3 spell: Mephitic Cloud
  2206 | D:3      | Learned a level 5 spell: Blade Hands
  2264 | D:3      | Noticed an ogre
  2273 | D:3      | Killed an ogre
  2706 | D:3      | Reached XP level 6. HP: 13/47 MP: 7/13
  3143 | D:3      | Reached skill level 5 in Dodging
  4169 | D:4      | Reached XP level 7. HP: 18/52 MP: 15/15
  4743 | D:4      | Reached skill level 7 in Unarmed Combat
  4876 | D:5      | Entered Level 5 of the Dungeon
  5103 | D:5      | Found a transporter.
  5104 | D:5      | Noticed Clownsaurus's ghost (novice MiFi)
  5105 | D:5      | Found a transporter.
  5298 | D:5      | Noticed Blork the orc
  5306 | D:5      | Killed Blork the orc
  5331 | D:5      | Got a clouded jade ring
  5387 | D:5      | Reached XP level 8. HP: 42/60 MP: 16/16
  5978 | D:5      | Found a staircase to the Ecumenical Temple.
  5986 | Temple   | Entered the Ecumenical Temple
  6099 | Temple   | Became a worshipper of Makhleb the Destroyer
  6139 | D:6      | Found a glowing golden altar of the Shining One.
  6451 | D:6      | Noticed Prince Ribbit
  6453 | D:6      | Noticed Menkaure
  6486 | D:6      | HP: 2/60 [centaur/+0 hand axe (9)]
  6792 | D:5      | Identified the cursed ring "Cozedosu" {rElec Str-3} (You
                  | found it on level 5 of the Dungeon)
  6795 | D:5      | Gained mutation: You are dopey. (Int -2) [potion of
                  | mutation]
  6795 | D:5      | Gained mutation: Your movements are slightly less
                  | encumbered by armour. (ER -2) [potion of mutation]
  6795 | D:5      | Gained mutation: You are partially covered in thin metallic
                  | scales. (AC +2) [potion of mutation]
  6795 | D:5      | Gained mutation: You are robust. (+10% HP) [potion of
                  | mutation]
  6839 | D:6      | Killed Menkaure
  7558 | D:6      | Killed Prince Ribbit
  7755 | D:7      | Noticed Pikel
  7778 | D:7      | Killed Pikel
  7778 | D:7      | Reached skill level 5 in Transmutations
  7778 | D:7      | Reached XP level 9. HP: 64/73 MP: 18/18
  7791 | D:7      | Found Suihamoi's Antique Weapon Emporium.
  7812 | D:7      | Bought a runed arbalest for 210 gold pieces
  8042 | D:7      | Reached skill level 5 in Fighting
  8167 | D:7      | Reached * piety under Makhleb
  9185 | D:8      | Found a runed translucent gate.
  9185 | D:8      | Found a runed translucent gate.
  9185 | D:8      | Found a runed translucent gate.
  9185 | D:8      | Noticed korthal's ghost (novice OpTm)
  9185 | D:8      | Noticed Smarticus's ghost (novice HOFi)
  9187 | D:8      | Noticed oldmanjim's ghost (journeyman MfFi)
  9194 | D:8      | Reached skill level 8 in Unarmed Combat
  9317 | D:8      | Reached skill level 5 in Invocations
  9396 | D:8      | Found an opulent altar of Gozag.
  9533 | D:8      | Reached XP level 10. HP: 81/81 MP: 20/20
  9735 | D:8      | Reached skill level 5 in Short Blades
  9735 | D:8      | Reached skill level 5 in Long Blades
  9735 | D:8      | Reached skill level 5 in Axes
  9735 | D:8      | Reached skill level 5 in Maces & Flails
  9735 | D:8      | Reached skill level 5 in Polearms
  9735 | D:8      | Reached skill level 5 in Staves
  9735 | D:8      | Reached skill level 5 in Slings
  9735 | D:8      | Reached skill level 5 in Bows
  9735 | D:8      | Reached skill level 5 in Crossbows
  9735 | D:8      | Reached skill level 5 in Throwing
  9735 | D:8      | Reached skill level 5 in Armour
  9735 | D:8      | Reached skill level 5 in Stealth
  9735 | D:8      | Reached skill level 5 in Shields
  9735 | D:8      | Reached skill level 5 in Evocations
 10003 | D:8      | Noticed a two-headed hydra
 10022 | D:8      | Killed a two-headed hydra
 10929 | D:9      | Reached ** piety under Makhleb
 11369 | D:9      | Noticed a two-headed ogre
 11382 | D:9      | Killed a two-headed ogre
 11382 | D:9      | Reached XP level 11. HP: 83/91 MP: 22/22
 11684 | D:10     | Entered Level 10 of the Dungeon
 11891 | D:9      | Reached skill level 9 in Unarmed Combat
 12139 | D:10     | Reached skill level 5 in Conjurations
 12139 | D:10     | Reached skill level 5 in Hexes
 12139 | D:10     | Reached skill level 5 in Charms
 12139 | D:10     | Reached skill level 5 in Summonings
 12139 | D:10     | Reached skill level 5 in Necromancy
 12139 | D:10     | Reached skill level 5 in Translocations
 12139 | D:10     | Reached skill level 5 in Fire Magic
 12139 | D:10     | Reached skill level 5 in Ice Magic
 12139 | D:10     | Reached skill level 5 in Air Magic
 12139 | D:10     | Reached skill level 5 in Earth Magic
 12139 | D:10     | Reached skill level 5 in Poison Magic
 12541 | D:10     | Found Ziecleo's Distillery.
 12555 | D:10     | Found a staircase to the Lair.
 12717 | D:10     | Killed an unseen horror
 12749 | D:10     | Reached *** piety under Makhleb
 12890 | D:10     | Learned a level 2 spell: Blink
 12893 | D:10     | Learned a level 2 spell: Slow
 12897 | D:10     | Learned a level 3 spell: Conjure Flame
 12902 | D:10     | Learned a level 4 spell: Ice Form
 13087 | D:10     | Bought a potion of mutation for 112 gold pieces
 13087 | D:10     | Bought a potion of curing for 42 gold pieces
 13087 | D:10     | Bought a potion of curing for 42 gold pieces
 13087 | D:10     | Lost mutation: You are robust. (+10% HP) [potion of
                  | mutation]
 13087 | D:10     | Lost mutation: Your movements are slightly less encumbered
                  | by armour. (ER -2) [potion of mutation]
 13087 | D:10     | Lost mutation: You are dopey. (Int -2) [potion of mutation]
 13087 | D:10     | Gained mutation: You are agile. (Dex +2) [potion of
                  | mutation]
 13087 | D:10     | Gained mutation: Your body sometimes deteriorates upon
                  | taking damage. [potion of mutation]
 13087 | D:10     | Gained mutation: Your spells are a little harder to cast,
                  | but a little more powerful. [potion of mutation]
 13087 | D:10     | Gained mutation: You have a pair of small horns on your
                  | head. [potion of mutation]
 13228 | D:10     | Noticed a two-headed ogre
 13237 | D:10     | Killed a two-headed ogre
 13820 | D:11     | Noticed Erica
 13820 | D:11     | Noticed a two-headed ogre
 13867 | Lair:1   | Entered Level 1 of the Lair of Beasts
 15020 | Lair:2   | Reached XP level 12. HP: 41/91 MP: 24/24
 15324 | Lair:2   | Reached **** piety under Makhleb
 15537 | Lair:2   | Noticed a catoblepas
 15537 | Lair:2   | Noticed a catoblepas
 15684 | Lair:2   | Found a runed translucent door.
 16293 | Lair:3   | Found a frozen archway.
 16503 | IceCv    | Entered an ice cave
 16515 | IceCv    | Found a transporter.
 17292 | Lair:3   | Found a hole to the Spider Nest.
 17834 | Lair:3   | Found an opulent altar of Gozag.
 18367 | Lair:4   | Reached skill level 10 in Unarmed Combat
 18991 | Lair:4   | Reached XP level 13. HP: 96/98 MP: 26/26
 19160 | Lair:4   | Found a staircase to the Shoals.
 19270 | Lair:4   | Reached ***** piety under Makhleb
 20384 | Lair:5   | Found a staircase to the Slime Pits.
 20384 | Lair:5   | Found a viscous altar of Jiyva.
 20461 | Lair:5   | Identified a scroll of acquirement
 20815 | Lair:4   | HP: 4/99 [poisoned by a spiny frog]
 21311 | Lair:5   | Learned a level 4 spell: Airstrike
 21314 | Lair:5   | Learned a level 2 spell: Swiftness
 21471 | Lair:5   | Found a runed translucent gate.
 21472 | Lair:5   | Found a runed translucent gate.
 21473 | Lair:5   | Found a runed translucent gate.
 21473 | Lair:5   | Noticed Hairutzoic's ghost (journeyman MiBe)
 21527 | Lair:5   | Mangled by an elephant

Levels and vault maps discovered:
D:1:      onia_arrival_handbag, layout_loops_ring
D:2:      layout_loops_ring, first_ration, trog_hazing_becter, uniq_jessica
D:3:      layout_basic
D:4:      layout_rooms
D:5:      layout_loops_ring, minmay_temple_entry_trees, gammafunk_ghost_hive,
          minmay_mini_ossuary, uniq_blork_the_orc
D:6:      layout_gridville, lemuel_doored_altar, uniq_prince_ribbit1,
          uniq_menkaure
D:7:      layout_loops_ring, serial_shops, shop, minmay_misc_feat_secret_circle,
          uniq_pikel
D:8:      layout_loops_ring, basic_altar, gammafunk_ghost_cemetery,
          chequers_arboretum, hangedman_ranch [blue_anna_fruit_fields],
          nrook_loot_triangle
D:9:      layout_cave_pods
D:10:     layout_loops_corners, minmay_lair_entry_grove, serial_shops, shop
D:11:     layout_rooms, orc_0_dummy, uniq_erica
Temple:   compressed_dpeg_circular_temple
Lair:1:   layout_concentric_octagons, grunt_megastairs_3,
          infiniplex_staircase_pool_2, lemuel_fruit_fields
Lair:2:   gammafunk_lair_enchanted_lake, layout_cave_pods,
          chequers_serial_rivers_room_a, minivault_24
Lair:3:   layout_chaotic_city, nicolae_spider_entry_tight_spaces,
          portal_ice_cave_entry_pillars_1, lemuel_centaur_altar,
          serial_bayou_shore_a
Lair:4:   layout_regular_city, minmay_shoals_entry_beasts, st_stairs_11,
          ice2_lemuel, serial_bayou_shore_b
Lair:5:   layout_regular_city, slime_altar_1, gammafunk_ghost_split,
          chequers_serial_rivers_micro_a, beast_lair_carwin_2

Skill      XL: |  1  2  3  4  5  6  7  8  9 10 11 12 13 |
---------------+----------------------------------------+-----
Spellcasting   | 5 6 7 8 9 |  9.6
Invocations    | 1 2 3 4 5 6 7 8 9 |  9.0
Short Blades   | 1 2 4 5 6 7 8 |  8.2
Long Blades    | 1 2 4 5 6 7 8 |  8.2
Axes           | 1 2 4 5 6 7 8 |  8.2
Maces & Flails | 1 2 4 5 6 7 8 |  8.2
Polearms       | 1 2 4 5 6 7 8 |  8.2
Staves         | 1 2 4 5 6 7 8 |  8.2
Slings         | 1 2 4 5 6 7 8 |  8.2
Bows           | 1 2 4 5 6 7 8 |  8.2
Crossbows      | 1 2 4 5 6 7 8 |  8.2
Throwing       | 1 2 4 5 6 7 8 |  8.2
Armour         | 1 2 4 5 6 7 8 |  8.2
Stealth        | 1 2 4 5 6 7 8 |  8.2
Shields        | 1 2 4 5 6 7 8 |  8.2
Evocations     | 1 2 4 5 6 7 8 |  8.2
Conjurations   | 1 2 3 4 5 6 |  6.8
Hexes          | 1 2 3 4 5 6 |  6.8
Charms         | 1 2 3 4 5 6 |  6.8
Summonings     | 1 2 3 4 5 6 |  6.8
Necromancy     | 1 2 3 4 5 6 |  6.8
Translocations | 1 2 3 4 5 6 |  6.8
Fire Magic     | 1 2 3 4 5 6 |  6.8
Ice Magic      | 1 2 3 4 5 6 |  6.8
Air Magic      | 1 2 3 4 5 6 |  6.8
Earth Magic    | 1 2 3 4 5 6 |  6.8
Poison Magic   | 1 2 3 4 5 6 |  6.8
Fighting       | 3 4 5 6 7 8 |  8.6
Transmutations | 4 5 6 7 |  7.9
Dodging        | 5 6 7 8 9 |  9.4
Unarmed Combat | 7 8 9 10 | 10.4

Action                   |  1- 3 |  4- 6 |  7- 9 | 10-12 | 13-15 || total
-------------------------+-------+-------+-------+-------+-------++-------
Melee: Unarmed           |    92 |   138 |   327 |   715 |   108 ||  1380
       Bite              |    13 |     8 |    15 |    22 |    17 ||    75
       Punch             |     4 |     4 |     5 |     5 |       ||    18
       Headbutt          |       |       |       |    10 |    35 ||    45
       Triple sword      |       |       |       |       |    73 ||    73
 Fire: Hunting sling     |       |    35 |       |       |       ||    35
       Shortbow          |       |       |    27 |       |       ||    27
       Arbalest          |       |       |    25 |    14 |       ||    39
Throw: Javelin           |     1 |       |       |       |       ||     1
       Dart              |       |       |       |     2 |     7 ||     9
 Cast: Spider Form       |     1 |     7 |    26 |    41 |       ||    75
       Beastly Appendage |     1 |     3 |       |       |       ||     4
       Sticks to Snakes  |       |       |     8 |    38 |    11 ||    57
       Ice Form          |       |       |       |    15 |     4 ||    19
       Blink             |       |       |       |     3 |     5 ||     8
       Mephitic Cloud    |       |       |       |     1 |     2 ||     3
       Airstrike         |       |       |       |       |     8 ||     8
Invok: Minor Destruction |       |       |       |     1 |     3 ||     4
       Lesser Servant of |       |       |       |     3 |     2 ||     5
 Abil: End Transformatio |       |       |     4 |     7 |     2 ||    13
  Use: Scroll            |       |     1 |    11 |     6 |    11 ||    29
       Potion            |       |       |     2 |     5 |     2 ||     9
 Stab: Sleeping          |     3 |     3 |     5 |    15 |     4 ||    30
       Distracted        |       |       |       |     3 |     1 ||     4
  Eat: Chunk             |     1 |     9 |    13 |    26 |     6 ||    55
       Ration            |       |       |     2 |     3 |     1 ||     6
Armor: Leather armour    |     7 |    19 |    38 |    33 |    20 ||   117
       Skin              |       |     3 |     6 |    31 |    17 ||    57
       Ring mail         |       |       |       |    15 |    20 ||    35
Dodge: Dodged            |    50 |   127 |   304 |   620 |   181 ||  1282
Block: Other             |       |       |       |    62 |    38 ||   100
       Reflection        |       |       |       |     6 |       ||     6
       Large shield      |       |       |       |       |    32 ||    32
       Buckler           |       |       |       |       |     2 ||     2
       Rpst.: Triple sword |       |       |       |       |    33 ||    33
